[gd_scene load_steps=13 format=2]

[ext_resource path="res://src/scripts/MainMenu.gd" type="Script" id=1]
[ext_resource path="res://assets/main_menu/background/bg_03.png" type="Texture" id=2]
[ext_resource path="res://assets/main_menu/background/bg_02.png" type="Texture" id=3]
[ext_resource path="res://assets/main_menu/background/bg_01.png" type="Texture" id=4]
[ext_resource path="res://assets/main_menu/menu_bar.png" type="Texture" id=5]
[ext_resource path="res://assets/main_menu/title.png" type="Texture" id=6]
[ext_resource path="res://assets/main_menu/label_new_game.png" type="Texture" id=7]
[ext_resource path="res://assets/main_menu/label_options.png" type="Texture" id=8]
[ext_resource path="res://assets/main_menu/version.png" type="Texture" id=9]
[ext_resource path="res://assets/main_menu/input BG.png" type="Texture" id=10]
[ext_resource path="res://assets/main_menu/inputs.png" type="Texture" id=11]
[ext_resource path="res://sounds/music/main_menu.ogg" type="AudioStream" id=12]

[node name="MainMenu" type="MarginContainer"]
editor/display_folded = true
margin_right = 2800.0
margin_bottom = 1516.0
rect_scale = Vector2( 0.7, 0.7 )
rect_clip_content = true
custom_constants/margin_right = 120
custom_constants/margin_top = 0
custom_constants/margin_left = 120
custom_constants/margin_bottom = 80
script = ExtResource( 1 )

[node name="bg_03" type="Sprite" parent="."]
position = Vector2( 1800, 800 )
scale = Vector2( 2.2, 2.2 )
texture = ExtResource( 2 )

[node name="bg_02" type="Sprite" parent="."]
position = Vector2( 1800, 800 )
scale = Vector2( 2.2, 2.2 )
texture = ExtResource( 3 )

[node name="bg_01" type="Sprite" parent="."]
position = Vector2( 1800, 800 )
scale = Vector2( 2.2, 2.2 )
texture = ExtResource( 4 )

[node name="HBoxContainer2" type="HBoxContainer" parent="."]
margin_left = 120.0
margin_right = 2680.0
margin_bottom = 1555.0
mouse_filter = 0

[node name="Options2" type="TextureRect" parent="HBoxContainer2"]
margin_right = 748.0
margin_bottom = 1555.0
texture = ExtResource( 5 )
stretch_mode = 3

[node name="HBoxContainer" type="HBoxContainer" parent="."]
margin_left = 120.0
margin_right = 2680.0
margin_bottom = 1555.0
mouse_filter = 0

[node name="VBoxContainer" type="VBoxContainer" parent="HBoxContainer"]
editor/display_folded = true
margin_right = 2560.0
margin_bottom = 1555.0
size_flags_horizontal = 3
size_flags_vertical = 3

[node name="Logo2" type="TextureRect" parent="HBoxContainer/VBoxContainer"]
margin_right = 2560.0
margin_bottom = 558.0
texture = ExtResource( 6 )
stretch_mode = 3

[node name="VBoxContainer" type="VBoxContainer" parent="HBoxContainer/VBoxContainer"]
editor/display_folded = true
margin_top = 562.0
margin_right = 2560.0
margin_bottom = 1368.0
size_flags_horizontal = 3
size_flags_vertical = 3
custom_constants/separation = 30
alignment = 1

[node name="NewGame" type="TextureRect" parent="HBoxContainer/VBoxContainer/VBoxContainer"]
margin_top = 260.0
margin_right = 2560.0
margin_bottom = 388.0
focus_next = NodePath("../Options")
texture = ExtResource( 7 )
stretch_mode = 3

[node name="Options" type="TextureRect" parent="HBoxContainer/VBoxContainer/VBoxContainer"]
margin_top = 418.0
margin_right = 2560.0
margin_bottom = 546.0
focus_previous = NodePath("../NewGame")
texture = ExtResource( 8 )
stretch_mode = 3

[node name="Logo" type="TextureRect" parent="HBoxContainer/VBoxContainer"]
margin_top = 1372.0
margin_right = 2560.0
margin_bottom = 1555.0
texture = ExtResource( 9 )
stretch_mode = 3

[node name="input BG" type="Sprite" parent="HBoxContainer"]
visible = false
position = Vector2( 1676.05, 775.278 )
scale = Vector2( 0.996345, 1.36372 )
texture = ExtResource( 10 )

[node name="inputs" type="Sprite" parent="HBoxContainer/input BG"]
position = Vector2( 21.0538, -31.8721 )
scale = Vector2( 1.29277, 0.944509 )
texture = ExtResource( 11 )

[node name="AudioStreamPlayer" type="AudioStreamPlayer" parent="."]
stream = ExtResource( 12 )
autoplay = true
